 Dungeon Crawl Stone Soup version 0.27.1-34-g3ba077fa99 (webtiles) character file.

Game seed: 15607856459435271885

84 cbfl8 the Sneak (level 4, 0/40 HPs)
             Began as a Minotaur Delver on Jan 21, 2022.
             Slain by a water moccasin zombie (5 damage)
             ... on level 5 of the Dungeon.
             The game lasted 00:01:02 (251 turns).

cbfl8 the Sneak (Minotaur Delver)                    Turns: 251, Time: 00:01:02

Health: 0/40       AC:  3    Str: 16    XL:     4   Next: 24%
Magic:  3/3        EV: 12    Int:  8    God:
Gold:   3          SH:  0    Dex: 12    Spells: 3/3 levels left

rFire    . . .     SeeInvis .   a - +0 hand axe
rCold    . . .     Faith    .   (no shield)
rNeg     . . .     Spirit   .   b - +0 leather armour
rPois    .         Reflect  .   (helmet restricted)
rElec    .         Harm     .   (no cloak)
rCorr    .         Rampage  .   (no gloves)
Will     .....                  (no boots)
Stlth    +++.......             (no amulet)
HPRegen  0.13/turn              (no ring)
MPRegen  0.08/turn              (no ring)

@: no status effects
A: horns 2, retaliatory headbutt
a: no special abilities


You were on level 5 of the Dungeon.
You visited 1 branch of the dungeon, and saw 1 of its levels.

You collected 3 gold pieces.

Inventory:

Hand Weapons
 a - a +0 hand axe (weapon)
Armour
 b - a +0 leather armour (worn)
Wands
 g - a wand of digging (3)
 k - a wand of iceblast (7)
Scrolls
 c - a scroll of fog
 d - a scroll of magic mapping
 e - a scroll of fear
 i - a scroll of teleportation {unknown}
 j - a scroll of identify {unknown}
Potions
 f - a potion of haste
 h - a potion of mutation {unknown}


   Skills:
 + Level 4.1 Fighting
 + Level 2.8 Axes
 + Level 2.3 Dodging
 + Level 5.2 Stealth


You had 3 spell levels left.
You didn't know any spells.
Your spell library was empty.

Dungeon Overview and Level Annotations

Branches:
Dungeon (5/15)
 Temple: D:4-7

Altars:
Vehumet
The Shining One


Innate Abilities, Weirdness & Mutations

You have a pair of horns on your head.
You reflexively headbutt those who attack you in melee.


Message History

You feel agile.
You start resting.
A killer bee zombie is nearby!
Found a quarterstaff.
You start resting.
A water moccasin zombie comes into view.
The water moccasin zombie closely misses you.
You hit the water moccasin zombie but do no damage.
The water moccasin zombie closely misses you.
You furiously retaliate!
You headbutt the water moccasin zombie!
The water moccasin zombie completely misses you.
You hit the water moccasin zombie.
The water moccasin zombie is moderately damaged.
The water moccasin zombie bites you.
You hit the water moccasin zombie.
Your headbutt misses the water moccasin zombie.
The water moccasin zombie is moderately damaged.
The water moccasin zombie bites you but does no damage.
The water moccasin zombie bites you.
You barely miss the water moccasin zombie.
The water moccasin zombie is moderately damaged.
The water moccasin zombie closely misses you.
You hit the water moccasin zombie but do no damage.
Your headbutt misses the water moccasin zombie.
The water moccasin zombie is moderately damaged.
The water moccasin zombie bites you.
You hit the water moccasin zombie. You headbutt the water moccasin zombie!
The water moccasin zombie is severely damaged.
The water moccasin zombie barely misses you.
You furiously retaliate!
You headbutt the water moccasin zombie! The water moccasin zombie bites you.
* * * LOW HITPOINT WARNING * * *
You slash the water moccasin zombie!
The water moccasin zombie is almost destroyed.
The water moccasin zombie bites you!
* * * LOW HITPOINT WARNING * * *
You hit the water moccasin zombie.
The water moccasin zombie is almost destroyed.
The water moccasin zombie bites you.
You die...

#.#........#..#...##
#.#######+##.......##
#...................#
####.......#.###.##.....
########.## #.# #####
### #.# #.# ####.######
#@Z.......# #.##.####.#
#.##.# #)##.# #.##..
..##.. .....## .#.... #.
#


You could see a water moccasin zombie.

Vanquished Creatures
  A necrophage (D:5)
1 creature vanquished.

Notes
Turn   | Place    | Note
-------+----------+-------------------------------------------
     0 | D:5      | cbfl8 the Minotaur Delver began the quest for the Orb.
     0 | D:5      | Reached XP level 1. HP: 19/19 MP: 0/0
     4 | D:5      | Noticed a sky beast
    84 | D:5      | Noticed an iguana
    99 | D:5      | Found a glowing golden altar of the Shining One.
    99 | D:5      | Found a radiant altar of Vehumet.
   100 | D:5      | Noticed a necrophage
   153 | D:5      | Killed a necrophage
   154 | D:5      | Reached skill level 5 in Stealth
   154 | D:5      | Reached XP level 2. HP: 11/27 MP: 1/1
   154 | D:5      | Reached XP level 3. HP: 14/33 MP: 2/2
   154 | D:5      | Reached XP level 4. HP: 17/40 MP: 3/3
   251 | D:5      | Slain by a water moccasin zombie

Illustrated notes

Levels and vault maps discovered:
D:5:      layout_loops_corners, nicolae_elyvilon_peaceful_grove,
          nzn_wu_jian_contemplation, jmf_multi_god_temple,
          makhleb_blood_cavern_becter, minivault_25,
          chequers_serial_rivers_marsh

Skill      XL: |  1 |
---------------+----+-----
Fighting       | 4 |  4.1
Stealth        | 5 |  5.2
Axes           | |  2.8
Dodging        | |  2.3

Action                   |  1- 3 |  4- 6 || total
-------------------------+-------+-------++-------
Melee: Hand axe          |    10 |     8 ||    18
       Headbutt          |     2 |     1 ||     3
Armor: Leather armour    |     3 |     1 ||     4
Dodge: Dodged            |     6 |     5 ||    11
